 Dungeon Crawl Stone Soup version 0.24-a0-415-g6d73c25c48 (webtiles) character file.

Game seed: 448741721618200507

9 Iscandelvey the Vexing (level 2, 15/21 HPs)
             Began as a Demonspawn Arcane Marksman on June 7, 2019.
             Quit the game on level 1 of the Dungeon.
             The game lasted 00:00:11 (127 turns).

Iscandelvey the Vexing (Demonspawn Arcane Marksman)  Turns: 127, Time: 00:00:12

Health: 15/21      AC:  2    Str: 10    XL:     2   Next: 3%
Magic:  3/3        EV: 12    Int: 14    God:
Gold:   38         SH:  0    Dex: 13    Spells: 2/3 levels left

rFire    . . .     SeeInvis .   a - +0 hunting sling
rCold    . . .     Gourm    .   (no shield)
rNeg     . . .     Faith    .   e - +0 robe
rPois    .         Spirit   .   (no helmet)
rElec    .         Reflect  .   (no cloak)
rCorr    .         Harm     .   (no gloves)
MR       .....                  (no boots)
Stlth    +.........             (no amulet)
HPRegen  0.07/turn              (no ring)
MPRegen  0.08/turn              (no ring)

@: no status effects
A: demonic guardian 1
a: no special abilities


You were on level 1 of the Dungeon.
You were not hungry.

You visited 1 branch of the dungeon, and saw 1 of its levels.

You collected 38 gold pieces.

Inventory:

Hand Weapons
 a - a +0 hunting sling (weapon)
Missiles
 d - 11 sling bullets (quivered)
Armour
 e - a +0 robe (worn)
Scrolls
 b - a scroll of blinking {unknown}
Potions
 c - a potion of degeneration {unknown}
Comestibles
 f - 3 rations


   Skills:
 + Level 1.0 Fighting
 + Level 2.1 Slings
 + Level 2.0 Dodging
 + Level 1.0 Spellcasting
 + Level 3.2 Hexes


You had 2 spell levels left.
You knew the following spells:

 Your Spells              Type           Power        Failure   Level  Hunger
a - Corona                Hex            #......      7%          1    ##.....

Your spell library contained the following spells:

 Spells                   Type           Power        Failure   Level  Hunger
 Slow                     Hex            #.......     11%         2    ###....
 Inner Flame              Hex/Fire       #.......     38%         3    ####...
 Portal Projectile        Hex/Tloc       #.....       38%         3    ####...
 Cause Fear               Hex            #.........   56%         4    #####..
 Leda's Liquefaction      Hex/Erth       #.........   80%         4    #####..


Dungeon Overview and Level Annotations

Branches:
Dungeon (1/15)

Altars:


Innate Abilities, Weirdness & Mutations

A weak demonic guardian rushes to your aid.


Message History

The sling bullet hits the rat.
You kill the rat!
A goblin is nearby!
Firing (i - inventory)
d - 13 sling bullets (quivered)
Press: ? - help, Shift-Dir - straight line, f/p - goblin
Aim: a goblin, wielding a +0 dagger You shoot a sling bullet.
The sling bullet closely misses the goblin.
A goblin is nearby!
Firing (i - inventory)
d - 12 sling bullets (quivered)
Press: ? - help, Shift-Dir - straight line, f/p - goblin
Aim: a goblin, wielding a +0 dagger You shoot a sling bullet.
The sling bullet hits the goblin.
You kill the goblin!
You hear a splash.
You have reached level 2!
Your demonic ancestry asserts itself...
You feel the presence of a demonic guardian.
You hear a splash.
Are you sure you want to abandon this character and quit the game? (Confirm with "yes".)

#. ###..##
#.#####.....##.
#...............
###.≈≈≈≈.≈≈≈≈≈.....
...≈≈≈≈.≈≈≈≈≈....=
##.≈≈≈≈.≈≈≈≈≈)....
#.≈≈≈≈.≈≈≈≈≈.....
#.≈≈≈≈...........
#....@..≈≈≈≈....
#(≈≈≈≈≈.≈≈≈≈...
....(≈≈≈≈.≈≈≈≈.#
....≈≈≈≈≈.≈≈≈≈..
.(..≈≈≈≈≈.≈≈≈≈.#
(...............
...(........###.
..()........#


There were no monsters in sight!

Vanquished Creatures
  A dart slug (D:1)
  2 goblins (D:1)
  A hobgoblin (D:1)
  A bat (D:1)
  A frilled lizard (D:1)
  A rat (D:1)
7 creatures vanquished.

Notes
Turn   | Place    | Note
-------+----------+-------------------------------------------
     0 | D:1      | Iscandelvey the Demonspawn Arcane Marksman began the quest
                  | for the Orb.
     0 | D:1      | Reached XP level 1. HP: 15/15 MP: 2/2
   126 | D:1      | Gained mutation: A weak demonic guardian rushes to your
                  | aid. [demonic ancestry]
   126 | D:1      | Reached XP level 2. HP: 15/21 MP: 3/3
   127 | D:1      | Quit the game

Levels and vault maps discovered:
D:1:      lightli_arrival_noodles, layout_rooms, minivault_14, st_stairs_14

Skill      XL: |  1 |
---------------+----+-----
Slings         | 2 |  2.1
Dodging        | 2 |  2.0
Fighting       | |  1.0
Spellcasting   | |  1.0
Hexes          | |  3.2

Action                   || total
-------------------------++-------
 Fire: Hunting sling     ||    21
Dodge: Dodged            ||     5

Table legend:
 A = Non-vault XP
 B = Vault XP
 C = Vault XP percentage of total XP
 D = Non-vault monster count
 E = Vault monster count
 F = Vault count percentage of total count
                 A         B        C        D         E       F
            +---------+---------+-------+---------+---------+-------
      Total |      13 |       0 |   0.0 |       7 |       0 |   0.0
            +---------+---------+-------+---------+---------+-------
        D:1 |      13 |       0 |   0.0 |       7 |       0 |   0.0
            +---------+---------+-------+---------+---------+-------
